 Dungeon Crawl Stone Soup version 0.27-a0-448-gace5c5693b (webtiles) character file.

Game seed: 3191973835424828372

142 srzhan31 the Conjurer (level 5, -3/28 HPs)
             Began as a Deep Elf Conjurer on Feb 27, 2021.
             Killed from afar by an orc wizard (8 damage)
             ... with a puff of flame
             ... on level 3 of the Dungeon.
             The game lasted 00:14:17 (1824 turns).

srzhan31 the Conjurer (Deep Elf Conjurer)           Turns: 1824, Time: 00:14:17

Health: -3/28      AC:  9    Str:  4    XL:     5   Next: 4%
Magic:  9/12       EV: 13    Int: 24    God:
Gold:   134        SH:  0    Dex: 13    Spells: 8/11 levels left

rFire    . . .     SeeInvis .   (no weapon)
rCold    . . .     Faith    .   (no shield)
rNeg     . . .     Spirit   .   a - +0 robe
rPois    .         Reflect  .   i - +2 helmet
rElec    .         Harm     .   (no cloak)
rCorr    .         Rampage  .   (no gloves)
Will     .....                  (no boots)
Stlth    ++........             (no amulet)
HPRegen  0.09/turn              m - +4 ring of protection
MPRegen  0.13/turn              (no ring)

@: no status effects
A: no striking features
a: no special abilities


You were on level 3 of the Dungeon.
You visited 1 branch of the dungeon, and saw 3 of its levels.

You collected 134 gold pieces.

Inventory:

Armour
 a - a +0 robe (worn)
 i - a +2 helmet (worn)
Jewellery
 m - a +4 ring of protection (left hand)
Scrolls
 b - 2 scrolls of identify {unknown}
 c - a scroll of enchant weapon {unknown}
 d - 2 scrolls of teleportation {unknown}
 g - a scroll of enchant armour {unknown}
 j - a scroll of fog {unknown}
 l - a scroll of immolation {unknown}
Potions
 e - 2 potions of cancellation
 f - 2 potions of brilliance {unknown}
 h - a potion of haste {unknown}
 k - a potion of curing {unknown}
 n - a potion of might {unknown}
 o - a potion of mutation {unknown}


   Skills:
 + Level 0.4 Fighting
 + Level 2.9 Dodging
 + Level 3.0 Stealth
 + Level 3.9 Spellcasting
 + Level 6.1 Conjurations


You had 8 spell levels left.
You knew the following spells:

 Your Spells              Type           Power        Failure   Level
a - Magic Dart            Conj           100%         1%          1
b - Searing Ray           Conj           68%          1%          2

Your spell library contained the following spells:

 Spells                   Type           Power        Failure   Level
 Dazzling Flash           Conj/Hex       38%          9%          3
 Fulminant Prism          Conj/Hex       9%           28%         4
 Iskenderun's Mystic Bla  Conj/Tloc      19%          28%         4


Dungeon Overview and Level Annotations

Branches:
Dungeon (3/15)

Altars:
Cheibriados


Message History

The puff of flame hits you!
* * * LOW HITPOINT WARNING * * *
Something hits you but does no damage.
You hear some strange, mumbled words.
Something hits you.
* * * LOW HITPOINT WARNING * * *
Things that are here:
a +0 club; a +0 leather armour; an orc corpse A puff of flame appears from out of thin air!
The puff of flame hits something!
The orc wizard casts a spell at you. The magic dart hits you.
* * * LOW HITPOINT WARNING * * *
You see here a goblin skeleton.
Casting: Searing Ray (safe; 1% risk of failure)
Confirm with . or Enter, or press ? or * to list all spells.
You can't see any susceptible monsters within range! (Use Z to cast anyway.)
Okay, then.
Casting: Searing Ray (safe; 1% risk of failure)
Confirm with . or Enter, or press ? or * to list all spells.
Aiming: Magic Dart (safe; 1% risk of failure)
Press: ? - help, Shift-Dir - straight line, f - orc wizard
Aim: an orc wizard, wielding a +0 dagger and wearing a +0 robe (severely wounded, 0% to evade)
The magic dart hits the orc wizard.
You kill the orc wizard!
The orc wizard points at itself and mumbles some strange words.
The orc wizard flickers and vanishes!
Casting: Magic Dart (safe; 1% risk of failure)
Confirm with . or Enter, or press ? or * to list all spells.
You can't see any susceptible monsters within range! (Use Z to cast anyway.) Sorry, you're not good enough to have a special ability.
Unknown command.
Casting: Magic Dart (safe; 1% risk of failure)
Confirm with . or Enter, or press ? or * to list all spells.
You can't see any susceptible monsters within range! (Use Z to cast anyway.) It was a potion of cancellation.
You feel magically purged.
A puff of flame appears from out of thin air!
The puff of flame hits you!
You die...

#.#.....#######..# #.......
#.###.### #..# #.#o#### #.....#
#..# #.#.# ####..# ##
#..#######.#o# #..# #.#
#............# #..# #.#
##########..## #..#.# #.###
#..# # ##...#
##..##########..### #
####.#.#.###.#.@..รท...{).....#
#
#...###...#................#.#
#.##.# ###.###############.#.#
#.# #.# ### #.#.# #.# .# ###
#.#.# #.# . .....##.#.### #.#
## ............. #.#
........#.##. #.# .....####.##.


There were no monsters in sight!

Vanquished Creatures
  A scorpion (D:3)
  An orc wizard (D:3)
  4 adders
  A worm (D:2)
  A dart slug (D:3)
  A leopard gecko (D:3)
  4 orcs (D:3)
  3 bats
  3 giant cockroaches
  4 hobgoblins
  2 jackals (D:1)
  6 kobolds
  2 quokkas
  A frilled lizard (D:2)
  6 goblins
  6 rats
46 creatures vanquished.

Notes
Turn   | Place    | Note
-------+----------+-------------------------------------------
     0 | D:1      | srzhan31 the Deep Elf Conjurer began the quest for the Orb.
     0 | D:1      | Reached XP level 1. HP: 10/10 MP: 6/6
   178 | D:1      | Reached XP level 2. HP: 8/15 MP: 4/8
   181 | D:1      | Learned a level 2 spell: Searing Ray
   713 | D:2      | Reached skill level 5 in Conjurations
   828 | D:2      | Reached XP level 3. HP: 19/19 MP: 3/9
   863 | D:2      | Found a snail-covered altar of Cheibriados.
  1388 | D:3      | Noticed a scorpion
  1397 | D:3      | Killed a scorpion
  1398 | D:3      | Reached XP level 4. HP: 24/24 MP: 0/11
  1552 | D:3      | Reached skill level 6 in Conjurations
  1760 | D:3      | Reached XP level 5. HP: 23/28 MP: 1/12
  1824 | D:3      | Killed from afar by an orc wizard

Illustrated notes

Levels and vault maps discovered:
D:1:      dpeg_arrival_shrine, layout_loops_cross
D:2:      layout_basic, cheibriados_altar_1
D:3:      layout_loops_ring

Skill      XL: |  1  2  3  4 |
---------------+-------------+-----
Conjurations   | 5 6 |  6.1
Stealth        | 3 |  3.0
Fighting       | |  0.4
Dodging        | |  2.9
Spellcasting   | |  3.9

Action                   |  1- 3 |  4- 6 || total
-------------------------+-------+-------++-------
Melee: Unarmed           |     4 |     1 ||     5
 Cast: Magic Dart        |    52 |    17 ||    69
       Searing Ray       |     7 |     7 ||    14
  Use: Potion            |       |     1 ||     1
Armor: Robe              |     7 |     8 ||    15
Dodge: Dodged            |    22 |     5 ||    27

Table legend: (Time is in decaauts)
 A = Elapsed time spent in this place.
 B = Non-inter-level travel time spent in this place.
 C = Inter-level travel time spent in this place.
 D = Time resting spent in this place.
 E = Time spent auto-exploring this place.
 F = Levels seen in this place.
 G = Mean time per level.
                   A        B        C        D        E       F      G
               +--------+--------+--------+--------+--------+-----+--------+
         Total |   1828 |   1828 |      0 |      0 |      0 |   3 |  609.3 |
       Dungeon |   1828 |   1828 |      0 |      0 |      0 |   3 |  609.3 |
               +--------+--------+--------+--------+--------+-----+--------+

Top non-repeatable levels by time:
     D:2: 696 daAuts
     D:1: 683 daAuts
     D:3: 449 daAuts
